 Dungeon Crawl Stone Soup version 0.26-a0-854-gdc81c2f471 (webtiles) character file.

Game seed: 1508809567308368376

3024 iamoutofideas the Grappler (level 9, 0/88 HPs)
             Began as a Troll Hunter on Nov 22, 2020.
             Was a Believer of Okawaru.
             Slain by a killer bee (7 damage)
             ... on level 7 of the Dungeon.
             The game lasted 00:05:55 (5289 turns).

iamoutofideas the Grappler (Troll Hunter)           Turns: 5289, Time: 00:05:56

Health: 0/88       AC:  8    Str: 25    XL:     9   Next: 55%
Magic:  8/8        EV: 14    Int:  7    God:    Okawaru [**....]
Gold:   258        SH:  0    Dex: 10    Spells: 8/8 levels left

rFire    x . .     SeeInvis .     - Unarmed
rCold    + . .     Faith    .   (no shield)
rNeg     . . .     Spirit   .   b - +0 robe
rPois    .         Reflect  .   (helmet restricted)
rElec    .         Harm     .   y - +1 cloak
rCorr    .         Rampage  .   (gloves unavailable)
MR       .....                  (boots unavailable)
Stlth    +++.......             r - amulet of magic regeneration
HPRegen  0.64/turn              w - ring of ice
MPRegen  0.36/turn              (no ring)

@: mighty, lethally poisoned (0 -> -2), heroism, studying Stealth
A: large, unfitting armour, claws 3, regeneration 1, shaggy fur 1, tough skin 3
a: Heroism, Renounce Religion


You were on level 7 of the Dungeon.
You worshipped Okawaru.
Okawaru was pleased with you.
You visited 2 branches of the dungeon, and saw 8 of its levels.

You collected 307 gold pieces.
You spent 49 gold pieces at shops.

Inventory:

Missiles
 c - 2 large rocks (quivered)
 d - 7 throwing nets
 f - 9 poisoned darts
Armour
 b - a +0 robe (worn)
 y - a +1 cloak (worn)
Jewellery
 r - an amulet of magic regeneration (around neck)
 w - a ring of ice (left claw)
 C - an uncursed amulet of the acrobat {unknown}
 I - an uncursed amulet of faith {unknown}
Wands
 t - a wand of iceblast (11)
 x - a wand of paralysis (8)
 B - a wand of digging (1)
 D - a wand of flame (21)
Scrolls
 a - 6 scrolls of teleportation
 e - 2 scrolls of magic mapping
 j - 2 scrolls of immolation
 k - a scroll of random uselessness {unknown}
 m - 3 scrolls of remove curse
 o - 2 scrolls of fear {unknown}
 q - 2 scrolls of fog {unknown}
 s - 2 scrolls of amnesia {unknown}
 A - a scroll of enchant armour {unknown}
 F - a scroll of identify
 H - 2 scrolls of blinking {unknown}
Potions
 g - 3 potions of heal wounds {unknown}
 h - 3 potions of might
 i - a potion of resistance
 l - 3 potions of mutation {unknown}
 n - a potion of degeneration {unknown}
 p - 2 potions of lignification {unknown}
 u - 4 potions of brilliance
 v - a potion of magic {unknown}
 z - 2 potions of curing
 E - 2 potions of attraction {unknown}
Books
 G - a manual of Stealth


   Skills:
 + Level 5.4(10.4) Fighting
 - Level 3.6(8.6) Throwing
 + Level 5.4(10.4) Dodging
 - Level 0.3(5.3) Stealth
 - Level 10.0(15.0) Unarmed Combat


You had 8 spell levels left.
You didn't know any spells.
Your spell library was empty.

Dungeon Overview and Level Annotations

Branches:
Dungeon (7/15)             Temple (1/1) D:6

Altars:
Cheibriados
Dithmenos
Elyvilon
Gozag
Hepliaklqana
Okawaru
Qazlal
Ru
Sif Muna
Trog
Uskayaw
Vehumet
Wu Jian
Xom
Yredelemnul
The Shining One

Shops:
D:4 [?(=}   D:5 =


Innate Abilities, Weirdness & Mutations

You are too large for most types of armour.
You have claws for hands.
Your natural rate of healing is unusually fast.
You are covered in fur. (AC +1)
You have extremely tough skin. (AC +3)


Message History

* * * LOW HITPOINT WARNING * * *
You are poisoned.
The killer bee poisons you! The killer bee misses you.
You mangle the killer bee!!
You kill the killer bee!
Okawaru accepts your kill.
You feel sick.
You miss the killer bee.
You feel sick. The killer bee stings you.
* * * LOW HITPOINT WARNING * * *
The killer bee stings you!
* * * LOW HITPOINT WARNING * * *
You miss the killer bee. The killer bee stings you.
* * * LOW HITPOINT WARNING * * *
You feel better. The killer bee barely misses you.
The killer bee stings you but does no damage.
You miss the killer bee. The killer bee stings you!
* * * LOW HITPOINT WARNING * * *
You are poisoned.
The killer bee poisons you! The killer bee stings you!
You die...

##################
........Zy@......#
........########.#
.....$..########.##########
...........................
........#########..........
......?Z# #..........
........# #..........
........# #..........
...)....( #..........


You could see a killer bee and a worker ant zombie.

Vanquished Creatures
  Harold (D:7)
  Pikel (D:6)
  An acid dragon (Temple)
  Duvessa (D:5)
  An orc warrior (D:6)
  2 ogres
  A phantom (Temple)
  A centaur (D:5)
  2 lemures (D:6)
  A big kobold (D:7)
  2 bullfrogs (D:6)
  Dowan (D:5)
  2 killer bees (D:7)
  3 howler monkeys
  3 hounds
  2 orc priests
  An iguana (D:3)
  Jessica (D:3)
  2 bullfrog skeletons
  Ijyb (D:3)
  5 orc wizards
  3 worker ants
  A hound skeleton (D:4)
  A worker ant zombie (D:6)
  5 gnolls
  9 adders
  A shadow imp (D:6)
  A white imp (D:6)
  2 ufetubi
  An adder skeleton (D:4)
  A dart slug (D:4)
  4 leopard geckos (D:3)
  12 orcs
  3 ball pythons
  3 giant cockroaches
  11 goblins
  7 hobgoblins
  4 jackals (D:2)
  14 kobolds
  3 quokkas
  A ball python zombie (D:5)
  6 bats
  4 frilled lizards
  A giant cockroach zombie (D:6)
  A jackal skeleton (D:6)
  A leopard gecko skeleton (D:4)
  9 rats
144 creatures vanquished.

Notes
Turn   | Place    | Note
-------+----------+-------------------------------------------
     0 | D:1      | iamoutofideas the Troll Hunter began the quest for the Orb.
     0 | D:1      | Reached XP level 1. HP: 19/19 MP: 0/0
   104 | D:1      | Reached skill level 1 in Unarmed Combat
   184 | D:1      | Reached XP level 2. HP: 27/27 MP: 1/1
   280 | D:1      | Reached skill level 2 in Unarmed Combat
   844 | D:2      | Reached XP level 3. HP: 33/33 MP: 2/2
   847 | D:2      | Reached skill level 3 in Unarmed Combat
   928 | D:2      | Found a basalt altar of Yredelemnul.
  1425 | D:3      | Noticed Jessica
  1437 | D:3      | Reached XP level 4. HP: 39/41 MP: 3/3
  1445 | D:3      | Killed Jessica
  1446 | D:3      | Reached skill level 4 in Unarmed Combat
  1476 | D:3      | Reached XP level 5. HP: 33/48 MP: 4/4
  1561 | D:3      | Noticed Ijyb
  1571 | D:3      | Killed Ijyb
  1572 | D:3      | Reached skill level 5 in Unarmed Combat
  2167 | D:4      | Found Ressioheate's Jewellery Boutique.
  2184 | D:4      | Found Leigge's Gadget Emporium.
  2194 | D:4      | Reached XP level 6. HP: 37/55 MP: 5/5
  2266 | D:4      | Found Qeph's Antique Weapon Shop.
  2386 | D:4      | Found Cymuig's Armour Shop.
  2407 | D:4      | Reached skill level 6 in Unarmed Combat
  2732 | D:4      | Found Etoniuch's Magic Scroll Shoppe.
  2746 | D:4      | Bought a scroll of magic mapping for 49 gold pieces
  2903 | D:5      | Entered Level 5 of the Dungeon
  2925 | D:5      | Reached skill level 7 in Unarmed Combat
  3048 | D:5      | Found Uskes's Jewellery Shop.
  3106 | D:5      | Reached XP level 7. HP: 62/62 MP: 6/6
  3248 | D:5      | Reached skill level 8 in Unarmed Combat
  3437 | D:5      | Found a stormy altar of Qazlal.
  3437 | D:5      | Found a sacrificial altar of Ru.
  3458 | D:5      | Found a shimmering altar of Xom.
  3584 | D:6      | Noticed Duvessa
  3584 | D:6      | Noticed Dowan
  3599 | D:5      | Killed Duvessa
  3609 | D:5      | Killed Dowan
  3644 | D:6      | Found a sacrificial altar of Ru.
  3696 | D:6      | Noticed Pikel
  3698 | D:6      | Found a staircase to the Ecumenical Temple.
  3723 | D:6      | Reached skill level 9 in Unarmed Combat
  3740 | D:6      | Killed Pikel
  3741 | D:6      | Reached skill level 10 in Unarmed Combat
  3741 | D:6      | Reached XP level 8. HP: 40/74 MP: 7/7
  3976 | Temple   | Entered the Ecumenical Temple
  4029 | Temple   | Became a worshipper of Warmaster Okawaru
  4796 | D:6      | Reached * piety under Okawaru
  4797 | D:6      | Reached XP level 9. HP: 77/84 MP: 8/8
  5042 | D:7      | Noticed Harold
  5070 | D:7      | Killed Harold
  5070 | D:7      | Reached ** piety under Okawaru
  5071 | D:7      | Reached skill level 5 in Fighting
  5071 | D:7      | Reached skill level 5 in Dodging
  5289 | D:7      | Slain by a killer bee

Illustrated notes

Levels and vault maps discovered:
D:1:      matt_arrival_diagonals, layout_basic
D:2:      layout_rooms, overflow_temple_1_default
D:3:      layout_basic, uniq_jessica, uniq_ijyb
D:4:      layout_basic, serial_shops, nicolae_shop_window_shopping,
          shop_fountains, shop, shop_fountains, shop
D:5:      layout_loops_ring, gammafunk_temple_overflow_statue, basic_altar,
          serial_shops, nicolae_shop_trees, kb_lookout_dungeons_type
D:6:      minmay_chambers_of_threes, layout_rooms,
          minmay_temple_entry_butterflies, basic_altar, minmay_manual_mail,
          uniq_pikel, uniq_duvessa
D:7:      layout_basic, gammafunk_ghost_grave, uniq_harold
Temple:   nicolae_temple_great_sept

Skill      XL: |  1  2  3  4  5  6  7  8  9 |
---------------+----------------------------+-----
Unarmed Combat | 1 2 3 4 5 7 10 | 10.0
Fighting       | 2 3 5 |  5.4
Dodging        | 2 3 5 |  5.4
Throwing       | |  3.6
Stealth        | |  0.3

Action                   |  1- 3 |  4- 6 |  7- 9 || total
-------------------------+-------+-------+-------++-------
Melee: Unarmed           |   144 |   138 |   187 ||   469
       Punch             |     4 |     2 |     6 ||    12
Throw: Large rock        |       |       |     3 ||     3
Invok: Heroism           |       |       |     1 ||     1
  Use: Scroll            |       |     6 |       ||     6
       Potion            |       |       |     3 ||     3
 Stab: Sleeping          |       |     1 |     1 ||     2
Armor: Robe              |    48 |    41 |    85 ||   174
Dodge: Dodged            |    69 |    72 |   132 ||   273

Table legend: (Time is in decaauts)
 A = Elapsed time spent in this place.
 B = Non-inter-level travel time spent in this place.
 C = Inter-level travel time spent in this place.
 D = Time resting spent in this place.
 E = Time spent auto-exploring this place.
 F = Levels seen in this place.
 G = Mean time per level.
                   A        B        C        D        E       F      G
               +--------+--------+--------+--------+--------+-----+--------+
         Total |   5239 |   4977 |    262 |    694 |   3347 |   8 |  654.9 |
       Dungeon |   4730 |   4479 |    251 |    299 |   3298 |   7 |  675.7 |
        Temple |    509 |    498 |     11 |    395 |     49 |   1 |  509.0 |
               +--------+--------+--------+--------+--------+-----+--------+

Top non-repeatable levels by time:
     D:3: 880 daAuts
     D:1: 829 daAuts
     D:6: 797 daAuts
     D:4: 741 daAuts
     D:5: 705 daAuts
  Temple: 509 daAuts
     D:2: 430 daAuts
     D:7: 345 daAuts
